 Dungeon Crawl Stone Soup version 0.29.0-4-gdea44cf6ec (webtiles) character file.

Game seed: 5816301345723101927

7110 qw the Cleaver (level 10, -4/80 HPs)
             Began as a Demonspawn Cinder Acolyte on Sept 8, 2022.
             Was an Initiate of Okawaru.
             Slain by a fire elemental (5 damage)
             ... created by the fiery vengeance of Ignis
             ... on level 9 of the Dungeon.
             The game lasted 00:04:39 (13494 turns).

qw the Cleaver (Demonspawn Cinder Acolyte)         Turns: 13494, Time: 00:04:40

Health: -4/80      AC: 21    Str: 18    XL:     10   Next: 85%
Magic:  11/11      EV:  9    Int: 16    God:    Okawaru [......]
Gold:   350        SH:  5    Dex:  9    Spells: 11/11 levels left

rFire   . . .      SeeInvis .   Y - +0 war axe
rCold   . . .      Faith    .   c - +0 buckler
rNeg    . . .      Spirit   .   e - +0 plate armour
rPois   .          Reflect  .   s - +2 hat {Will+}
rElec   .          Harm     .   f - +0 cloak
rCorr   .          Rampage  .   g - +0 pair of gloves
Will    +....                   b - +0 pair of boots
Stlth   ..........              (no amulet)
HPRegen 0.23/turn               t - ring of protection from fire
MPRegen 0.12/turn               o - +4 ring of evasion

@: about to teleport, fire susceptible
A: molten scales 2, foul stench 2, powered by death 2
a: Renounce Religion


You were on level 9 of the Dungeon.
You worshipped Okawaru.
Okawaru was noncommittal.
You visited 2 branches of the dungeon, and saw 10 of its levels.
You also visited: Sewer.

You collected 448 gold pieces.
You spent 98 gold pieces at shops.


Innate Abilities, Weirdness & Mutations

You are mostly covered in molten scales. (AC +3)
You sometimes emit foul miasma when damaged in melee.
You regenerate health from kills.


   Skills:
 + Level 7.8 Fighting
 - Level 11.0 Axes
 - Level 1.2 Throwing
 - Level 6.0 Armour
 - Level 1.7 Dodging
 - Level 5.7 Shields
 - Level 1.0 Spellcasting
 - Level 2.6 Fire Magic


You had 11 spell levels left.
You didn't know any spells.
Your spell library contained the following spells:

 Spells                   Type           Power      Damage    Failure   Level
 Scorch                   Fire           18%        2d6       99%         2

Inventory:

Hand Weapons
 d - a +2 hand axe of flaming
 Y - a +0 war axe (weapon)
Missiles
 p - 4 boomerangs (quivered)
Armour
 b - a +0 pair of boots (worn)
 c - a +0 buckler (worn)
 e - a +0 plate armour (worn)
 f - a +0 cloak (worn)
 g - a +0 pair of gloves (worn)
 s - a +2 hat of willpower (worn)
Jewellery
 o - a +4 ring of evasion (right hand)
 q - a ring of protection from fire
 t - a ring of protection from fire (left hand)
Scrolls
 a - 2 scrolls of identify
 n - 3 scrolls of teleportation
Potions
 i - 5 potions of might
 j - 6 potions of curing
 k - 4 potions of resistance
 l - 2 potions of mutation
 m - 2 potions of haste

Dungeon Overview and Level Annotations

Branches:
Dungeon (9/15)             Temple (1/1) D:5           Sewer (visited)
   Lair: D:8-11         Orc: D:9-12

Altars:
Cheibriados
Dithmenos
Fedhas
Gozag
Okawaru
Sif Muna
Trog
Uskayaw
Wu Jian
Yredelemnul

Shops:
D:3 [   D:4 :

Annotations:
D:3 1 runed translucent door, Crazy Yiuf


Message History

The gnoll hits you but does no damage. The gnoll barely misses you.
The gnoll sergeant is engulfed in dark miasma.
The gnoll sergeant looks even sicker.
You kill the gnoll sergeant!
Okawaru accepts your kill.
You slash the gnoll!
You kill the gnoll!
Okawaru accepts your kill.
You feel very sick. You block the gnoll's attack.
You slash the gnoll!
The gnoll is almost dead.
Your surroundings suddenly seem different.
You feel sick.
You start resting.
You feel sick. x2
13407 ||| DRINKING 7 potions of curing.
You feel better.
13407 ||| (to cure poison)
You start resting. "My hands, my teeth, my burning tears: these will never betray me!" 2 fire elementals come into view.
You barely miss the fire elemental.
You hit the fire elemental but do no damage.
You block the fire elemental's attack.
You slash the fire elemental!
The fire elemental is moderately damaged.
You hit the fire elemental.
You block the fire elemental's attack. x2
You barely miss the fire elemental.
The fire elemental is moderately damaged.
You hit the fire elemental. The fire elemental hits you.
The fire elemental burns you! The fire elemental hits you.
The fire elemental burns you!
13494 ||| READING 4 scrolls of teleportation.
As you read the scroll of teleportation, it crumbles to dust.
You feel strangely unstable. The fire elemental hits you.
The fire elemental burns you! The fire elemental hits you.
The fire elemental burns you! The fire elemental hits you.
The fire elemental burns you!
You die... # #.#####.# #...E@E.# #.#######

You could see 2 fire elementals.

Vanquished Creatures
  Gastronok (D:8)
  Pikel (D:7)
  A manticore (D:7)
  An unseen horror (D:7)
  A troll (D:7)
  A hornet (D:9)
  A slime creature (D:7)
  2 wraiths
  A wyvern (D:7)
  A steam dragon (D:6)
  A water moccasin (D:7)
  2 sky beasts
  2 orc warriors
  3 ice beasts
  A centaur (D:7)
  4 ogres
  A lemure (D:7)
  A phantom (D:6)
  4 kobold brigands
  3 bullfrogs
  5 gnoll sergeants
  4 scorpions
  2 wights
  4 killer bees (D:4)
  2 howler monkeys (D:8)
  4 jellies
  3 hounds
  4 gnoll boudas
  4 orc priests
  2 iguanas
  2 scorpion zombies (D:3)
  9 orc wizards
  21 gnolls
  8 adders
  A shadow imp (D:6)
  An ufetubus (D:7)
  An adder zombie (D:3)
  3 worms
  5 dart slugs
  26 orcs
  15 ball pythons
  8 endoplasms
  A giant cockroach (D:4)
  7 hobgoblins
  6 jackals
  4 quokkas
  6 bats
  3 frilled lizards
  A giant cockroach zombie (D:3)
  9 goblins
  21 kobolds
  7 rats
232 creatures vanquished.

Notes
Turn   | Place    | Note
-------+----------+-------------------------------------------
     0 | D:1      | qw the Demonspawn Cinder Acolyte began the quest for the
                  | Orb.
     0 | D:1      | Reached XP level 1. HP: 18/18 MP: 2/2
     0 | D:1      | 0 ||| qw: Version: 0.1-a-111-g1c1fd2e
     0 | D:1      | 0 ||| qw: Game counter: 6620
     0 | D:1      | 0 ||| qw: Always use a shield: true
     0 | D:1      | 0 ||| qw: God list: Okawaru
     0 | D:1      | 0 ||| qw: Allow faded altars: false
     0 | D:1      | 0 ||| qw: Do Orc after D:15 true
     0 | D:1      | 0 ||| qw: Do second Lair branch before Depths: true
     0 | D:1      | 0 ||| qw: Lair rune preference: random
     0 | D:1      | 0 ||| qw: Plans: Normal
     0 | D:1      | 0 ||| PLANNING D:1-11
    79 | D:1      | 79 ||| Stepping ~*~*~tactically~*~*~ (stealth).
   268 | D:1      | Reached skill level 3 in Axes
   351 | D:1      | Gained mutation: You may rarely emit foul miasma when
                  | damaged in melee. [demonic ancestry]
   351 | D:1      | Reached XP level 2. HP: 22/24 MP: 3/3
   423 | D:1      | 423 ||| INVOKING Fiery Armour.
   840 | D:1      | Found a faded altar of an unknown god.
  1474 | D:1      | 1474 ||| Stepping ~*~*~tactically~*~*~ (hiding).
  1584 | D:1      | 1584 ||| Stepping ~*~*~tactically~*~*~ (hiding).
  1686 | D:1      | 1686 ||| Stepping ~*~*~tactically~*~*~ (hiding).
  1788 | D:1      | 1788 ||| Stepping ~*~*~tactically~*~*~ (hiding).
  1801 | D:1      | Reached XP level 3. HP: 21/29 MP: 4/4
  2255 | D:1      | 2255 ||| UPGRADING to +0 plate armour.
  2265 | D:1      | 2265 ||| DROPPING +0 robe.
  2266 | D:1      | 2266 ||| UPGRADING to ring of protection from fire.
  2267 | D:1      | 2267 ||| READING 2 scrolls labelled NUJECA POBU.
  2268 | D:1      | 2268 ||| READING scroll labelled POOTIWN DAJOI.
  2330 | D:2      | 2330 ||| STAIRDANCE
  2724 | D:2      | Reached skill level 1 in Armour
  2724 | D:2      | 2724 ||| FLEEEEING.
  2726 | D:2      | 2726 ||| FLEEEEING.
  2727 | D:2      | 2727 ||| FLEEEEING.
  2728 | D:2      | 2728 ||| FLEEEEING.
  2729 | D:2      | 2729 ||| FLEEEEING.
  2730 | D:2      | 2730 ||| FLEEEEING.
  2731 | D:2      | 2731 ||| FLEEEEING.
  2732 | D:2      | 2732 ||| FLEEEEING.
  2733 | D:2      | 2733 ||| FLEEEEING.
  2734 | D:2      | 2734 ||| FLEEEEING.
  2735 | D:2      | 2735 ||| FLEEEEING.
  2736 | D:2      | 2736 ||| FLEEEEING.
  2737 | D:2      | 2737 ||| FLEEEEING.
  2738 | D:2      | 2738 ||| FLEEEEING.
  2739 | D:2      | 2739 ||| FLEEEEING.
  2740 | D:2      | 2740 ||| FLEEEEING.
  2797 | D:2      | 2797 ||| DROPPING +0 chain mail of willpower.
  2811 | D:2      | Reached skill level 4 in Axes
  2923 | D:2      | Found a basalt altar of Yredelemnul.
  3120 | D:2      | Reached XP level 4. HP: 33/35 MP: 5/5
  3413 | D:2      | 3413 ||| UPGRADING to +0 pair of gloves.
  3418 | D:2      | 3418 ||| READING scroll labelled XEPHAICVOA.
  3419 | D:2      | 3419 ||| DRINKING 2 bubbling golden potions.
  3441 | D:2      | 3441 ||| DROPPING potion of lignification.
  3564 | D:3      | 3564 ||| Stepping ~*~*~tactically~*~*~ (stealth).
  3705 | D:3      | 3705 ||| Stepping ~*~*~tactically~*~*~ (stealth).
  3800 | D:3      | 3800 ||| FLEEEEING.
  3801 | D:3      | 3801 ||| FLEEEEING.
  3811 | D:3      | 3811 ||| STAIRDANCE
  3864 | D:2      | 3864 ||| READING scroll labelled NECWOO DYSAEDE.
  3865 | D:2      | 3865 ||| DRINKING 2 fuming yellow potions.
  3866 | D:2      | 3866 ||| DRINKING 2 sapphire potions.
  3867 | D:2      | 3867 ||| DROPPING potion of flight.
  3875 | D:3      | 3875 ||| Stepping ~*~*~tactically~*~*~ (stealth).
  3909 | D:3      | Found Toezefofy's Armour Emporium.
  3915 | D:3      | 3915 ||| BUYING +0 buckler (49 gold).
  3915 | D:3      | Bought a +0 buckler for 49 gold pieces
  3915 | D:3      | 3915 ||| BUYING +0 cloak (49 gold).
  3915 | D:3      | Bought a +0 cloak for 49 gold pieces
  3940 | D:3      | Found an opulent altar of Gozag.
  3941 | D:3      | Found a snail-covered altar of Cheibriados.
  3991 | D:3      | 3991 ||| FLEEEEING.
  4064 | D:3      | 4064 ||| Stepping ~*~*~tactically~*~*~ (stealth).
  4073 | D:3      | 4073 ||| Stepping ~*~*~tactically~*~*~ (stealth).
  4074 | D:3      | 4074 ||| FLEEEEING.
  4076 | D:3      | 4076 ||| FLEEEEING.
  4077 | D:3      | 4077 ||| FLEEEEING.
  4078 | D:3      | 4078 ||| FLEEEEING.
  4079 | D:3      | 4079 ||| FLEEEEING.
  4080 | D:3      | 4080 ||| FLEEEEING.
  4083 | D:3      | 4083 ||| Stepping ~*~*~tactically~*~*~ (stealth).
  4088 | D:3      | 4088 ||| Stepping ~*~*~tactically~*~*~ (stealth).
  4089 | D:3      | 4089 ||| Stepping ~*~*~tactically~*~*~ (stealth).
  4091 | D:3      | 4091 ||| Stepping ~*~*~tactically~*~*~ (stealth).
  4092 | D:3      | 4092 ||| Stepping ~*~*~tactically~*~*~ (stealth).
  4103 | D:3      | HP: 8/35 [orc priest/divine providence (12)]
  4104 | D:3      | 4104 ||| READING 2 scrolls of teleportation.
  4105 | D:3      | 4105 ||| INVOKING Fiery Armour.
  4115 | D:3      | HP: 7/35 [scorpion zombie (3)]
  4116 | D:3      | 4116 ||| READING scroll of teleportation.
  4118 | D:3      | Gained mutation: You are partially covered in molten
                  | scales. (AC +2) [demonic ancestry]
  4118 | D:3      | Reached XP level 5. HP: 8/41 MP: 6/6
  4534 | D:3      | Found a basalt altar of Yredelemnul.
  4685 | D:3      | Found a runed translucent door.
  4686 | D:3      | Noticed Crazy Yiuf
  4917 | D:3      | 4917 ||| UPGRADING to +0 buckler.
  4922 | D:3      | 4922 ||| UPGRADING to +0 cloak.
  4927 | D:3      | 4927 ||| DRINKING 3 fuming white potions.
  4928 | D:3      | 4928 ||| DRINKING 2 glowing clear potions.
  4929 | D:3      | 4929 ||| READING 4 scrolls of identify.
  4929 | D:3      | 4929 ||| IDENTIFYING dark potion
  4930 | D:3      | 4930 ||| READING 3 scrolls of identify.
  4930 | D:3      | 4930 ||| IDENTIFYING glowing dark potion
  4931 | D:3      | 4931 ||| READING 2 scrolls of identify.
  4931 | D:3      | 4931 ||| IDENTIFYING pink potion
  4932 | D:3      | 4932 ||| DROPPING 2 potions of attraction.
  4933 | D:3      | 4933 ||| DROPPING potion of magic.
  4956 | D:4      | 4956 ||| PLANNING SEWER
  4965 | D:4      | 4965 ||| INVOKING Fiery Armour.
  4972 | D:4      | Reached skill level 1 in Shields
  4975 | D:4      | Reached skill level 5 in Axes
  5110 | D:4      | Found the +18 Lear's hauberk
  5143 | D:4      | Gained mutation: You are mostly covered in molten scales.
                  | (AC +3) [demonic ancestry]
  5143 | D:4      | Reached XP level 6. HP: 46/47 MP: 7/7
  5212 | D:4      | Found a glowing drain.
  5290 | D:4      | 5290 ||| Stepping ~*~*~tactically~*~*~ (water).
  5294 | Sewer    | Entered a sewer
  5304 | Sewer    | 5304 ||| Stepping ~*~*~tactically~*~*~ (water).
  5487 | Sewer    | 5487 ||| Stepping ~*~*~tactically~*~*~ (stealth).
  5488 | Sewer    | 5488 ||| Stepping ~*~*~tactically~*~*~ (stealth).
  5712 | Sewer    | 5712 ||| Stepping ~*~*~tactically~*~*~ (stealth).
  5713 | Sewer    | 5713 ||| Stepping ~*~*~tactically~*~*~ (stealth).
  5761 | Sewer    | 5761 ||| READING scroll labelled YNYFON WEYTHU.
  5762 | Sewer    | 5762 ||| READING scroll labelled RAGGUCEQIK.
  5763 | Sewer    | 5763 ||| READING scroll labelled MOMYMA UGINUS.
  5775 | D:4      | 5775 ||| PLANNING D:1-11
  5918 | D:4      | 5918 ||| INVOKING Fiery Armour.
  5919 | D:4      | HP: 8/47 [killer bee (4)]
  5919 | D:4      | HP: 2/47 [killer bee (6)]
  5920 | D:4      | Reached skill level 6 in Axes
  5920 | D:4      | 5920 ||| DRINKING 3 potions of heal wounds.
  6131 | D:4      | Reached XP level 7. HP: 49/52 MP: 8/8
  6349 | D:4      | Found Oply's Tremendous Tomes.
  6517 | D:4      | 6517 ||| Stepping ~*~*~tactically~*~*~ (stealth).
  6568 | D:4      | Reached skill level 3 in Armour
  6692 | D:4      | 6692 ||| READING scroll labelled ATIPRILEAT.
  6693 | D:4      | 6693 ||| READING scroll labelled NILEOL TEEH.
  6694 | D:4      | 6694 ||| READING 2 scrolls of identify.
  6694 | D:4      | 6694 ||| IDENTIFYING inky potion
  6736 | D:5      | Entered Level 5 of the Dungeon
  6790 | D:5      | 6790 ||| INVOKING Fiery Armour.
  6987 | D:5      | 6987 ||| READING scroll of enchant weapon.
  6987 | D:5      | 6987 ||| ENCHANTING +0 hand axe of flaming.
  7052 | D:5      | Found a staircase to the Ecumenical Temple.
  7323 | D:5      | 7323 ||| Stepping ~*~*~tactically~*~*~ (hiding).
  7325 | D:5      | 7325 ||| Stepping ~*~*~tactically~*~*~ (hiding).
  7335 | D:5      | 7335 ||| Stepping ~*~*~tactically~*~*~ (stealth).
  7519 | D:5      | 7519 ||| READING scroll of enchant weapon.
  7519 | D:5      | 7519 ||| ENCHANTING +1 hand axe of flaming.
  7559 | D:5      | Found a hide-covered altar of Uskayaw.
  7713 | D:5      | 7713 ||| Stepping ~*~*~tactically~*~*~ (stealth).
  7733 | D:5      | 7733 ||| Stepping ~*~*~tactically~*~*~ (stealth).
  7741 | D:5      | Reached skill level 7 in Axes
  7741 | D:5      | 7741 ||| FLEEEEING.
  7742 | D:5      | 7742 ||| FLEEEEING.
  7743 | D:5      | 7743 ||| FLEEEEING.
  7744 | D:5      | 7744 ||| FLEEEEING.
  7745 | D:5      | 7745 ||| FLEEEEING.
  7746 | D:5      | 7746 ||| FLEEEEING.
  7855 | D:5      | 7855 ||| INVOKING Fiery Armour.
  7857 | D:5      | HP: 8/54 [ogre/+0 giant spiked club (11)]
  7858 | D:5      | 7858 ||| DRINKING 2 potions of heal wounds.
  7860 | D:5      | Gained mutation: You sometimes emit foul miasma when
                  | damaged in melee. [demonic ancestry]
  7860 | D:5      | Reached XP level 8. HP: 26/60 MP: 9/9
  8115 | D:5      | Reached skill level 1 in Dodging
  8237 | D:5      | 8237 ||| UPGRADING to +0 pair of boots.
  8242 | D:5      | 8242 ||| READING 4 scrolls of identify.
  8242 | D:5      | 8242 ||| IDENTIFYING emerald potion
  8243 | D:5      | 8243 ||| DROPPING potion of invisibility.
  8540 | D:6      | 8540 ||| Stepping ~*~*~tactically~*~*~ (stealth).
  8585 | D:6      | Found a shadowy altar of Dithmenos.
  8586 | D:6      | 8586 ||| Stepping ~*~*~tactically~*~*~ (hiding).
  8597 | D:6      | Reached skill level 8 in Axes
  8687 | D:6      | 8687 ||| INVOKING Fiery Armour.
  9311 | D:6      | 9311 ||| SWAPPING to +0 war axe.
  9578 | D:7      | Gained mutation: You regenerate a little health from kills.
                  | [demonic ancestry]
  9578 | D:7      | Reached XP level 9. HP: 56/68 MP: 10/10
  9578 | D:7      | 9578 ||| FLEEEEING.
  9579 | D:7      | 9579 ||| FLEEEEING.
  9580 | D:7      | 9580 ||| FLEEEEING.
  9581 | D:7      | 9581 ||| FLEEEEING.
  9584 | D:7      | 9584 ||| FLEEEEING.
  9585 | D:7      | 9585 ||| FLEEEEING.
  9586 | D:7      | 9586 ||| FLEEEEING.
  9587 | D:7      | 9587 ||| FLEEEEING.
  9588 | D:7      | 9588 ||| FLEEEEING.
  9589 | D:7      | 9589 ||| FLEEEEING.
  9590 | D:7      | 9590 ||| FLEEEEING.
  9591 | D:7      | 9591 ||| FLEEEEING.
  9592 | D:7      | 9592 ||| FLEEEEING.
  9593 | D:7      | 9593 ||| FLEEEEING.
  9594 | D:7      | 9594 ||| FLEEEEING.
  9595 | D:7      | 9595 ||| FLEEEEING.
  9596 | D:7      | 9596 ||| FLEEEEING.
  9598 | D:7      | 9598 ||| FLEEEEING.
  9599 | D:7      | 9599 ||| STAIRDANCE
  9634 | D:6      | 9634 ||| READING 3 scrolls of identify.
  9634 | D:6      | 9634 ||| IDENTIFYING metallic dark potion
  9635 | D:6      | 9635 ||| DROPPING potion of berserk rage.
  9638 | D:7      | 9638 ||| STAIRDANCE
  9764 | D:7      | 9764 ||| INVOKING Fiery Armour.
  9956 | D:7      | Reached skill level 9 in Axes
 10149 | D:7      | 10149 ||| INVOKING Fiery Armour.
 10154 | D:7      | Reached skill level 3 in Shields
 10157 | D:7      | HP: 12/69 [gnoll sergeant/+0 spear (7)]
 10158 | D:7      | Reached skill level 6 in Fighting
 10158 | D:7      | 10158 ||| READING 4 scrolls of teleportation.
 10159 | D:7      | 10159 ||| DRINKING potion of heal wounds.
 10364 | D:7      | 10364 ||| Stepping ~*~*~tactically~*~*~ (hiding).
 10602 | D:7      | 10602 ||| Stepping ~*~*~tactically~*~*~ (hiding).
 10662 | D:7      | 10662 ||| DRINKING 7 potions of curing.
 10662 | D:7      | 10662 ||| (to cure confusion)
 10773 | D:7      | 10773 ||| Stepping ~*~*~tactically~*~*~ (stealth).
 10774 | D:7      | 10774 ||| Stepping ~*~*~tactically~*~*~ (stealth).
 10776 | D:7      | 10776 ||| Stepping ~*~*~tactically~*~*~ (hiding).
 10779 | D:7      | 10779 ||| INVOKING Fiery Armour.
 10784 | D:7      | Noticed Pikel
 10789 | D:7      | 10789 ||| Stepping ~*~*~tactically~*~*~ (stealth).
 10795 | D:7      | Killed Pikel
 10812 | D:7      | 10812 ||| Stepping ~*~*~tactically~*~*~ (hiding).
 10821 | D:7      | Reached skill level 10 in Axes
 10995 | D:7      | 10995 ||| FLEEEEING.
 10996 | D:7      | 10996 ||| FLEEEEING.
 10997 | D:7      | 10997 ||| FLEEEEING.
 10999 | D:7      | 10999 ||| FLEEEEING.
 11000 | D:7      | 11000 ||| FLEEEEING.
 11001 | D:7      | 11001 ||| FLEEEEING.
 11002 | D:7      | 11002 ||| FLEEEEING.
 11004 | D:7      | 11004 ||| FLEEEEING.
 11006 | D:7      | 11006 ||| FLEEEEING.
 11007 | D:7      | 11007 ||| FLEEEEING.
 11008 | D:7      | 11008 ||| FLEEEEING.
 11009 | D:7      | 11009 ||| FLEEEEING.
 11011 | D:7      | 11011 ||| FLEEEEING.
 11012 | D:7      | 11012 ||| FLEEEEING.
 11013 | D:7      | 11013 ||| FLEEEEING.
 11014 | D:7      | 11014 ||| FLEEEEING.
 11015 | D:7      | 11015 ||| FLEEEEING.
 11016 | D:7      | 11016 ||| FLEEEEING.
 11017 | D:7      | 11017 ||| FLEEEEING.
 11018 | D:7      | 11018 ||| FLEEEEING.
 11019 | D:7      | 11019 ||| FLEEEEING.
 11020 | D:7      | 11020 ||| FLEEEEING.
 11021 | D:7      | 11021 ||| FLEEEEING.
 11022 | D:7      | 11022 ||| FLEEEEING.
 11026 | D:7      | Noticed a troll
 11034 | D:7      | 11034 ||| FLEEEEING.
 11034 | D:7      | Noticed a manticore
 11035 | D:7      | 11035 ||| FLEEEEING.
 11036 | D:7      | 11036 ||| FLEEEEING.
 11052 | D:7      | 11052 ||| FLEEEEING.
 11053 | D:7      | 11053 ||| FLEEEEING.
 11054 | D:7      | 11054 ||| FLEEEEING.
 11055 | D:7      | 11055 ||| FLEEEEING.
 11056 | D:7      | 11056 ||| FLEEEEING.
 11057 | D:7      | 11057 ||| FLEEEEING.
 11058 | D:7      | 11058 ||| FLEEEEING.
 11059 | D:7      | 11059 ||| FLEEEEING.
 11060 | D:7      | Killed an unseen horror
 11061 | D:7      | Gained mutation: You regenerate health from kills. [demonic
                  | ancestry]
 11061 | D:7      | Reached XP level 10. HP: 38/79 MP: 11/11
 11076 | D:7      | 11076 ||| FLEEEEING.
 11077 | D:7      | 11077 ||| FLEEEEING.
 11078 | D:7      | 11078 ||| FLEEEEING.
 11079 | D:7      | 11079 ||| FLEEEEING.
 11081 | D:7      | 11081 ||| FLEEEEING.
 11082 | D:7      | 11082 ||| FLEEEEING.
 11083 | D:7      | 11083 ||| FLEEEEING.
 11084 | D:7      | 11084 ||| FLEEEEING.
 11085 | D:7      | 11085 ||| FLEEEEING.
 11088 | D:7      | 11088 ||| FLEEEEING.
 11091 | D:7      | 11091 ||| FLEEEEING.
 11093 | D:7      | 11093 ||| STAIRDANCE
 11237 | D:6      | 11237 ||| UPGRADING to ring of protection from fire.
 11238 | D:6      | 11238 ||| READING scroll labelled GYUJEG ABYENKU.
 11239 | D:6      | 11239 ||| READING scroll labelled PUPRU HEM PYCW.
 11242 | D:7      | 11242 ||| STAIRDANCE
 11394 | D:7      | 11394 ||| INVOKING Fiery Armour.
 11396 | D:7      | 11396 ||| STAIRDANCE
 11823 | D:7      | 11823 ||| Stepping ~*~*~tactically~*~*~ (stealth).
 11824 | D:7      | 11824 ||| Stepping ~*~*~tactically~*~*~ (stealth).
 12007 | D:7      | 12007 ||| INVOKING Fiery Armour.
 12010 | D:7      | Reached skill level 11 in Axes
 12014 | D:7      | 12014 ||| Stepping ~*~*~tactically~*~*~ (stealth).
 12015 | D:7      | 12015 ||| Stepping ~*~*~tactically~*~*~ (stealth).
 12121 | D:7      | 12121 ||| INVOKING Fiery Armour.
 12123 | D:7      | Killed a manticore
 12350 | D:7      | 12350 ||| UPGRADING to +4 ring of evasion.
 12424 | D:8      | 12424 ||| Stepping ~*~*~tactically~*~*~ (hiding).
 12436 | D:8      | Reached skill level 6 in Armour
 12456 | D:8      | 12456 ||| Stepping ~*~*~tactically~*~*~ (hiding).
 12457 | D:8      | 12457 ||| Stepping ~*~*~tactically~*~*~ (stealth).
 12483 | D:8      | Reached skill level 1 in Throwing
 12490 | D:8      | 12490 ||| FLEEEEING.
 12491 | D:8      | 12491 ||| FLEEEEING.
 12492 | D:8      | 12492 ||| FLEEEEING.
 12493 | D:8      | 12493 ||| FLEEEEING.
 12494 | D:8      | 12494 ||| FLEEEEING.
 12495 | D:8      | 12495 ||| FLEEEEING.
 12496 | D:8      | 12496 ||| FLEEEEING.
 12497 | D:8      | 12497 ||| FLEEEEING.
 12497 | D:8      | Noticed Gastronok
 12512 | D:8      | Killed Gastronok
 12514 | D:8      | 12514 ||| DRINKING 8 potions of curing.
 12514 | D:8      | 12514 ||| (to cure confusion)
 12518 | D:8      | 12518 ||| Stepping ~*~*~tactically~*~*~ (stealth).
 12605 | D:8      | 12605 ||| Stepping ~*~*~tactically~*~*~ (stealth).
 12700 | D:8      | Found an ornate altar of the Wu Jian Council.
 13060 | D:8      | 13060 ||| PLANNING TEMPLE
 13060 | D:8      | 13060 ||| UPGRADING to +2 hat of willpower.
 13065 | D:8      | 13065 ||| READING scroll labelled CIL SUFEHI.
 13066 | D:8      | 13066 ||| READING scroll labelled OFAWEPEASAA.
 13067 | D:8      | 13067 ||| READING 3 scrolls of identify.
 13067 | D:8      | 13067 ||| IDENTIFYING fizzy purple potion
 13068 | D:8      | 13068 ||| DROPPING potion of degeneration.
 13176 | Temple   | Entered the Ecumenical Temple
 13177 | Temple   | 13177 ||| PLANNING CONVERSION TO OKAWARU
 13182 | Temple   | Fell from the grace of Ignis
 13182 | Temple   | Became a worshipper of Warmaster Okawaru
 13183 | Temple   | 13183 ||| PLANNING D:1-11
 13344 | D:9      | 13344 ||| Stepping ~*~*~tactically~*~*~ (stealth).
 13369 | D:9      | 13369 ||| Stepping ~*~*~tactically~*~*~ (stealth).
 13401 | D:9      | HP: 15/80 [gnoll/+0 whip[a gnoll sergeant] (7)]
 13402 | D:9      | 13402 ||| READING 5 scrolls of teleportation.
 13406 | D:9      | HP: 6/80 [poisoned by a gnoll sergeant]
 13407 | D:9      | 13407 ||| DRINKING 7 potions of curing.
 13407 | D:9      | 13407 ||| (to cure poison)
 13493 | D:9      | HP: 18/80 [fire elemental[the fiery vengeance of Ignis]
                  | (14)]
 13494 | D:9      | 13494 ||| READING 4 scrolls of teleportation.
 13494 | D:9      | HP: 1/80 [fire elemental[the fiery vengeance of Ignis] (8)]
 13494 | D:9      | Slain by a fire elemental

Levels and vault maps discovered:
D:1:      minmay_arrival_nine_rooms, layout_loops_corners,
          basic_ecumenical_altar
D:2:      layout_loops_ring, basic_altar, skrybe_limestone_x, kennysheep_potato
D:3:      layout_loops_ring, nicolae_yredelemnul_corpse_copse,
          mainiacjoe_overflow_divided_tiny, serial_shops, shop,
          uniq_crazy_yiuf_cottage
D:4:      minmay_diamond_boxcup, layout_cave_pods,
          mainiacjoe_overflow_surrounded_room, cheibrodos_sewer_entry_bend,
          nicolae_shop_i_like_big_books, grunt_ministairs_3
D:5:      layout_gridville, elyvilon_altar_5,
          nicolae_uskayaw_murder_on_the_dancefloor,
          minmay_temple_entry_proselytizer, minivault_11,
          hangedman_decor_diamond_cutter
D:6:      layout_basic, nicolae_dithmenos_through_a_glass_darkly
D:7:      minmay_the_grid_octo_tiled_squarecenter [minmay_the_grid_octo_clover,
          minmay_the_grid_octo_horde, minmay_the_grid_octo_concentric,
          minmay_the_grid_octo_vomiting_pacman,
          minmay_the_grid_square_5x5_megaprize_crossed,
          minmay_the_grid_square_5x5_percent,
          minmay_the_grid_square_5x5_bracketed,
          minmay_the_grid_square_5x5_two_walls_a,
          minmay_the_grid_square_5x5_detours], layout_loops_cross,
          serial_aquarium, aquarium_bridge_straight [aquarium_subvault_bridge,
          aquarium_subvault_window, aquarium_subvault_bridge,
          aquarium_subvault_window], aquarium_window_double,
          aquarium_window_fake, aquarium_window_fake, aquarium_view_2c,
          aquarium_balcony_3b, uniq_pikel
D:8:      layout_loops_ring, mainiacjoe_overflow_catwalk, st_stairs_1,
          uniq_gastronok
D:9:      layout_basic, kennysheep_little_box
Temple:   chequers_temple_sunken

Skill      XL: |  1  2  3  4  5  6  7  8  9 10 |
---------------+-------------------------------+-----
Axes           | 3 4 5 6 7 8 10 11 | 11.0
Armour         | 1 2 3 4 5 6 |  6.0
Shields        | 1 2 3 5 |  5.7
Fighting       | 4 5 7 |  7.8
Dodging        | 1 |  1.7
Throwing       | 1 |  1.2
Spellcasting   | |  1.0
Fire Magic     | |  2.6

Action                   |  1- 3 |  4- 6 |  7- 9 | 10-12 || total
-------------------------+-------+-------+-------+-------++-------
Melee: Hand axe          |   167 |   219 |   251 |       ||   637
       War axe           |       |       |   176 |   189 ||   365
Throw: Boomerang         |       |       |       |    21 ||    21
Invok: Fiery Armour      |     1 |     3 |     6 |     3 ||    13
  Use: Scroll            |     2 |    10 |     8 |     7 ||    27
       Potion            |       |     6 |     3 |     2 ||    11
Armor: Robe              |    12 |       |       |       ||    12
       Plate armour      |    66 |   160 |   326 |   125 ||   677
Dodge: Dodged            |    58 |    35 |    82 |    73 ||   248
Block: Buckler           |       |    13 |    71 |    37 ||   121

Table legend:
 A = Non-vault XP
 B = Vault XP
 C = Vault XP percentage of total XP
 D = Non-vault monster count
 E = Vault monster count
 F = Vault count percentage of total count
                 A         B        C        D         E       F
            +---------+---------+-------+---------+---------+-------
      Total |    4426 |    5732 |  56.4 |     165 |      66 |  28.6
            +---------+---------+-------+---------+---------+-------
        D:1 |      49 |       0 |   0.0 |      31 |       0 |   0.0
        D:2 |      56 |       4 |   6.7 |      19 |       2 |   9.5
        D:3 |      83 |      75 |  47.5 |      17 |       4 |  19.0
        D:4 |     429 |      46 |   9.7 |      17 |      12 |  41.4
        D:5 |     754 |      41 |   5.2 |      15 |       1 |   6.2
        D:6 |    1018 |     214 |  17.4 |      19 |       1 |   5.0
        D:7 |    1095 |    3619 |  76.8 |      21 |      27 |  56.2
        D:8 |     557 |    1684 |  75.1 |      22 |       4 |  15.4
        D:9 |     385 |       0 |   0.0 |       4 |       0 |   0.0
      Sewer |       0 |      49 | 100.0 |       0 |      15 | 100.0
            +---------+---------+-------+---------+---------+-------
